Map: Apotheosis LE

Players

Fropez - Winner!

  • Race: Protoss Protoss
  • League: Gold
  • Spawn Location: 5:00

Zar

  • Race: Zerg Zerg
  • League: Silver
  • Spawn Location: 11:00

VOD

Have the link to the VOD?

Description

Time

  • Played on: Oct. 30, 2016, 12:36 p.m.
  • Length: 7:25
Show
View Real Time Build Order
Export as new Build Order

Fropez Protoss - Winner!

Build Orders: 1 Gate Expand 

Get SALT Encoding   

  12  0:03  Probe (Chrono Boost)  
  14  0:14  Probe (Chrono Boost)  
  14  0:20  Pylon  
  14  0:24  Probe (Chrono Boost)  
  15  0:38  Probe (Chrono Boost)  
  15  0:40  Gateway  
  16  0:44  Assimilator  
  16  0:49  Probe (Chrono Boost)  
  17  0:59  Probe (Chrono Boost)  
  18  1:13  Probe (Chrono Boost)  
  19  1:25  Nexus  
  19  1:35  Pylon  
  19  1:36  Probe (Chrono Boost)  
  20  1:48  Cybernetics Core  
  20  1:52  Probe (Chrono Boost)  
  21  1:59  Pylon  
  21  2:02  Probe (Chrono Boost)  
  21  2:07  Assimilator  
  22  2:13  Probe (Chrono Boost)  
  23  2:26  Gateway  
  23  2:32  Gateway  
  23  2:38  Gateway  
  23  2:41  Probe (Chrono Boost)  
  24  2:49  Probe (Chrono Boost)  
  25  2:56  Warp Gate (Chrono Boost)  
  25  2:59  Mothership Core  
  27  3:10  Probe  
  27  3:11  Gateway  
  28  3:21  Probe  
  29  3:27  Adept  
  29  3:29  Adept  
  29  3:33  Adept  
  35  3:39  Adept  
  37  3:49  Pylon  
  37  3:50  Probe  
  37  3:51  Probe  
  39  3:56  Pylon  
  39  4:03  Probe  
  40  4:17  Adept x2  
  40  4:18  Adept  
  40  4:20  Adept  
  48  4:54  Pylon  
  48  4:57  Pylon  
  48  5:01  Probe x2  
  48  5:04  Twilight Council  
  50  5:10  Forge  
  50  5:12  Adept x3  
  50  5:13  Adept x2  
  58  5:39  Adept  
  58  5:40  Adept x3  
  58  5:41  Adept  
  68  5:43  Resonating Glaives (Chrono Boost)  
  68  5:55  Probe x2  
  70  5:59  Assimilator  
  70  6:02  Assimilator  
  70  6:06  Adept, Pylon  
  72  6:25  Adept x4  
  66  6:54  Adept x5  
  62  7:15  Adept x5  
  64  7:23  Gateway  
  64  7:24  Gateway  
Show
View Real Time Build Order
Export as new Build Order

Zar Zerg 

Build Orders: 3 Hatch before Pool 

Get SALT Encoding   

  12  0:02  Drone  
  13  0:15  Drone  
  13  0:18  Overlord  
  14  0:22  Extractor  
  14  0:24  Drone  
  15  0:36  Drone  
  15  0:37  Drone  
  17  0:48  Drone  
  18  0:59  Hatchery  
  18  1:01  Drone  
  18  1:09  Drone  
  19  1:26  Hatchery  
  19  1:30  Drone  
  19  1:33  Extractor  
  19  1:34  Drone  
  19  1:49  Spawning Pool, Drone  
  19  1:58  Drone  
  20  2:05  Drone  
  21  2:12  Drone  
  22  2:16  Drone  
  23  2:31  Drone x2  
  23  2:35  Overlord  
  25  2:37  Queen  
  25  2:38  Queen  
  25  2:43  Queen  
  31  2:46  Zergling x2  
  31  2:49  Zergling x2  
  33  2:51  Zergling x2  
  33  2:56  Overlord  
  34  3:00  Drone  
  34  3:01  Drone  
  34  3:03  Drone  
  37  3:14  Queen  
  39  3:23  Drone x3  
  39  3:24  Drone x3  
  45  3:33  Zergling x2  
  45  3:34  Zergling x4  
  48  3:36  Metabolic Boost  
  48  3:39  Overlord  
  48  3:43  Queen  
  50  3:56  Baneling Nest  
  50  3:58  Zergling x2  
  50  3:59  Overlord x3  
  50  4:15  Roach Warren  
  49  4:29  Zergling x6  
  51  4:49  Zergling x2  
  51  4:50  Zergling x22  
  63  5:04  Roach  
  63  5:05  Drone x5  
  63  5:06  Drone x4  
  74  5:12  Extractor  
  74  5:13  Extractor  
  72  5:14  Lair  
  72  5:21  Evolution Chamber  
  72  5:24  Evolution Chamber  
  67  5:30  Roach x6  
  79  5:42  Zergling x6  
  82  5:45  Overlord x5  
  82  5:56  Overlord  
  82  5:57  Overlord x3  
  82  6:01  Baneling x2  
  82  6:06  Drone x3  
  82  6:08  Drone x2  
  87  6:12  Extractor  
  87  6:14  Drone x2  
  87  6:15  Drone  
  78  6:35  Drone x5  
  78  6:36  Drone x2  
  75  6:45  Roach x5  
  61  7:02  Drone  
  61  7:03  Drone x5  
Tags
 
Add a new tag
Caveats
  • Supply blocks, unpowered buildings, or Contaminate may cause inaccurate times.
  • Supply counts are checked every 10 seconds.